 Dungeon Crawl Stone Soup version 0.27.1-3-gb3d3a73c9e (webtiles) character file.

Game seed: 12641026375337695751

16177 toffzen the Nimble (level 12, -5/65 HPs)
             Began as a Spriggan Berserker on Oct 8, 2021.
             Was a High Priest of Trog.
             Slain by a merfolk (12 damage)
             ... on level 3 of the Lair of Beasts on Oct 10, 2021.
             The game lasted 00:27:01 (15366 turns).

toffzen the Nimble (Spriggan Berserker)            Turns: 15366, Time: 00:27:01

Health: -5/65      AC:  9    Str: 20    XL:     12   Next: 7%
Magic:  13/13      EV: 27    Int:  8    God:    Trog [*****.]
Gold:   700        SH:  0    Dex: 19    Spells: 11/11 levels left

rFire    . . .     SeeInvis +   a - +5 trident (venom)
rCold    . . .     Faith    .   (shield currently unavailable)
rNeg     . . .     Spirit   .   z - +0 troll leather armour
rPois    .         Reflect  .   (helmet restricted)
rElec    .         Harm     .   w - +0 cloak
rCorr    .         Rampage  .   (gloves unavailable)
Will     ++...                  (boots unavailable)
Stlth    +.........             (no amulet)
HPRegen  1.20/turn              t - +4 ring of protection
MPRegen  0.13/turn              d - +6 ring of strength

@: very quick
A: very small, no large weapons, unfitting armour, see invisible, speed 3
a: Renounce Religion, Berserk, Trog's Hand, Brothers in Arms


You were on level 3 of the Lair of Beasts.
You worshipped Trog.
Trog was extremely pleased with you.
You visited 2 branches of the dungeon, and saw 13 of its levels.

You collected 700 gold pieces.

Inventory:

Hand Weapons
 a - a +5 trident of venom (weapon)
 B - the +9 whip "Kicrism" {drain, rElec Str+4}
   (You found it on level 1 of the Lair of Beasts)

   A truly terrible weapon, it drains the life of any living foe it strikes.
   Str:       It affects your strength (+4).
   rElec:     It insulates you from electricity.
 E - the +6 spear of Responsibility {vorpal, rF+}
   (You found it on level 2 of the Lair of Beasts)

   It inflicts extra damage upon your enemies.
   rF:        It protects you from fire.
Missiles
 c - 269 stones (quivered)
 h - a throwing net
Armour
 j - +0 steam dragon scales
 w - a +0 cloak (worn)
 z - a +0 troll leather armour (worn)
Jewellery
 d - a +6 ring of strength (right hand)
 r - a ring of fire
 t - a +4 ring of protection (left hand)
 y - a +6 ring of dexterity
 A - a ring of positive energy
Wands
 b - a wand of flame (21)
 n - a wand of iceblast (6)
 o - a wand of charming (10)
Scrolls
 i - a scroll of enchant weapon
 l - a scroll of magic mapping
 m - 2 scrolls of fog
 p - a scroll of brand weapon
 v - 2 scrolls of enchant armour
 x - a scroll of noise
 C - 5 scrolls of blinking
 F - a scroll of teleportation
Potions
 e - 2 potions of heal wounds
 f - 3 potions of curing
 g - 13 potions of ambrosia
 k - 4 potions of berserk rage
 q - a potion of resistance
 s - 5 potions of might
 u - 2 potions of flight
 D - a potion of magic


   Skills:
 + Level 8.8 Fighting
 * Level 11.0 Polearms
 + Level 13.1 Dodging


You had 11 spell levels left.
You didn't know any spells.
Your spell library was empty.

Dungeon Overview and Level Annotations

Branches:
Dungeon (10/15)            Temple (0/1) D:5            Lair (3/6) D:9
  Swamp: Lair:2-4    Shoals: Lair:2-4     Snake: Lair:2-4    Spider: Lair:2-4
    Orc: D:9-12

Altars:
Ashenzari
Cheibriados
Elyvilon
Fedhas
Gozag
Hepliaklqana
Makhleb
Okawaru
Sif Muna
Uskayaw
Wu Jian
Zin
The Shining One

Annotations:
D:9 3 runed translucent doors, Domino's ghost, journeyman MiBe
Lair:3 3 runed translucent doors, Dikli's ghost, journeyman MiBe


Innate Abilities, Weirdness & Mutations

You are very small and have problems with some larger weapons.
You are too small for most types of armour.
You have supernaturally acute eyesight. (SInv)
You cover ground extremely quickly. (Speed+++)


Message History

You reach to attack!
You puncture the bullfrog!
The bullfrog is poisoned.
The bullfrog is heavily wounded.
You hear a bleat!
A water moccasin comes into view.
The water moccasin hisses angrily.
You puncture the bullfrog!
The bullfrog looks as sick as possible!
The bullfrog is almost dead.
You kill the bullfrog!
Trog accepts your kill. 2 dream sheep come into view.
The dream sheep bleats! x2
The dream sheep ruffle their wool and motes of dream dust sparkle, to no effect.
A dream sheep comes into view.
There is an open door here.
You see here a bullfrog corpse.
You reach to attack!
You closely miss the water moccasin.
A dream sheep comes into view.
You closely miss the water moccasin. The water moccasin misses you.
A merfolk comes into view. It is wielding a +2 vorpal trident.
The dream sheep completely misses you.
The merfolk shouts!
You hit the water moccasin.
The water moccasin is moderately wounded.
You hear a shout!
The water moccasin completely misses you.
You hear a shout!
You hit the water moccasin.
The water moccasin is moderately wounded.
The water moccasin completely misses you.
The dream sheep "Baaaas" sleepily.
The dream sheep completely misses you.
The dream sheep are wreathed in dream dust.
You feel drowsy...
You fall asleep.
The water moccasin completely misses you.
The dream sheep bites you but does no damage.
The merfolk hits you from afar with a +2 vorpal trident!!!
You wake up.
Ouch! That really hurt!
* * * LOW HITPOINT WARNING * * *
You die...

......#
####.## .#.
# #.# .. #
#.## .. #
#..# ####.
#.## .... #
##.#
#m.##Y#..#
#..##
#.SYYY...#
##..## #@#
##...###
##.#
###...##P#
#..#
.........#
##<##
.........#
##.P##
.........#
#...P#
.........##
#.#..##
..........#
###.#.##
....>....##
#....#


You could see a merfolk, a water moccasin and 4 dream sheep.

Vanquished Creatures
  2 hydras
  2 catoblepae
  2 oklob plants (Lair:1)
  A black mamba (Lair:1)
  4 cane toads
  A rime drake (Lair:3)
  4 komodo dragons (Lair:2)
  A queen bee (Lair:3)
  2 trolls (D:9)
  A meliai zombie (D:10)
  9 yaks
  4 basilisks
  A wyvern (D:9)
  3 steam dragons
  5 water moccasins
  3 sky beasts
  5 orc warriors
  3 necrophages
  A black bear (D:8)
  8 wolves
  A blink frog zombie (D:9)
  3 centaurs
  Blork the orc (D:6)
  A kobold brigand (D:6)
  11 bullfrogs
  A scorpion (D:5)
  3 water moccasin skeletons
  25 killer bees (Lair:3)
  4 wights (D:8)
  4 electric eels (D:9)
  4 howler monkeys
  4 centaur zombies
  6 orc priests
  A jelly (D:4)
  6 hounds
  2 iguanas
  6 orc wizards
  A hound skeleton (D:5)
  Robin (D:2)
  A howler monkey zombie (D:10)
  6 gnolls (D:6)
  A howler monkey skeleton (D:6)
  7 adders
  A shadow imp (D:7)
  A white imp (D:6)
  2 ufetubi
  An adder skeleton (D:4)
  A worm (D:2)
  3 dart slugs
  34 orcs
  4 bats
  7 endoplasms
  5 giant cockroaches
  16 goblins
  10 hobgoblins
  5 jackals
  2 quokkas (D:2)
  6 ball pythons
  A frilled lizard (D:2)
  8 kobolds
  11 rats
280 creatures vanquished.

Vanquished Creatures (others)
  A quokka (D:5)
  A bush (Lair:3)
  4 fungi
  5 plants (Lair:3)
11 creatures vanquished.

Grand Total: 291 creatures vanquished

Notes
Turn   | Place    | Note
-------+----------+-------------------------------------------
     0 | D:1      | toffzen the Spriggan Berserker began the quest for the Orb.
     0 | D:1      | Reached XP level 1. HP: 11/11 MP: 2/2
   309 | D:1      | Reached XP level 2. HP: 16/16 MP: 3/3
  1080 | D:1      | Reached ** piety under Trog
  1213 | D:1      | Reached XP level 3. HP: 19/19 MP: 4/4
  1631 | D:2      | Reached XP level 4. HP: 21/23 MP: 5/5
  1860 | D:2      | Noticed Robin
  1864 | D:2      | Killed Robin
  2283 | D:2      | Reached skill level 5 in Dodging
  2777 | D:3      | Found a hazy altar of Hepliaklqana.
  2826 | D:3      | Reached XP level 5. HP: 28/28 MP: 6/6
  2980 | D:3      | Noticed a necrophage
  2982 | D:3      | Reached *** piety under Trog
  3051 | D:3      | Killed a necrophage
  3656 | D:4      | Reached XP level 6. HP: 32/32 MP: 7/7
  4071 | D:4      | Reached skill level 6 in Dodging
  4166 | D:4      | Found a snail-covered altar of Cheibriados.
  4214 | D:4      | Found an ornate altar of the Wu Jian Council.
  4339 | D:4      | Reached XP level 7. HP: 37/37 MP: 8/8
  4533 | D:5      | Entered Level 5 of the Dungeon
  4533 | D:5      | Found a staircase to the Ecumenical Temple.
  4772 | D:5      | Reached skill level 5 in Polearms
  4854 | D:5      | Found a white marble altar of Elyvilon.
  5115 | D:5      | Reached skill level 7 in Dodging
  5594 | D:6      | Reached XP level 8. HP: 42/42 MP: 9/9
  5597 | D:6      | Reached **** piety under Trog
  6000 | D:6      | Noticed Blork the orc
  6011 | D:6      | Killed Blork the orc
  6262 | D:6      | Found an iron altar of Okawaru.
  6281 | D:6      | Reached skill level 5 in Fighting
  6281 | D:6      | Reached skill level 8 in Dodging
  7021 | D:7      | Reached XP level 9. HP: 47/47 MP: 10/10
  7201 | D:7      | Reached skill level 9 in Dodging
  7974 | D:8      | Found a burning altar of Makhleb.
  7999 | D:8      | Found an opulent altar of Gozag.
  8576 | D:8      | Found a shimmering blue altar of Sif Muna.
  8747 | D:8      | Reached ***** piety under Trog
  9566 | D:9      | Found a glowing golden altar of the Shining One.
  9593 | D:9      | Found a runed translucent gate.
  9593 | D:9      | Found a runed translucent gate.
  9593 | D:9      | Found a runed translucent gate.
  9610 | D:9      | Noticed Domino's ghost (journeyman MiBe)
  9706 | D:9      | Reached skill level 10 in Dodging
  9814 | D:9      | Noticed a troll
  9824 | D:9      | Killed a troll
 10089 | D:9      | Noticed a troll
 10099 | D:9      | Killed a troll
 10100 | D:9      | Reached XP level 10. HP: 53/53 MP: 11/11
 10467 | D:9      | Found a staircase to the Lair.
 10577 | D:9      | Found a hide-covered altar of Uskayaw.
 10740 | D:10     | Entered Level 10 of the Dungeon
 10793 | D:10     | Found a glowing silver altar of Zin.
 10793 | D:10     | Noticed an angel
 11115 | D:10     | Found a broken altar of Ashenzari.
 11589 | D:10     | Reached skill level 11 in Dodging
 12020 | Lair:1   | Entered Level 1 of the Lair of Beasts
 12051 | Lair:1   | Identified the +9 whip "Kicrism" {drain, rElec Str+4}
 12056 | Lair:1   | Noticed a cane toad
 12067 | Lair:1   | Killed a cane toad
 12330 | Lair:1   | Found a blossoming altar of Fedhas.
 12333 | Lair:1   | Noticed an oklob plant
 12334 | Lair:1   | Noticed an oklob plant
 12341 | Lair:1   | Killed an oklob plant
 12380 | Lair:1   | Killed an oklob plant
 12526 | Lair:1   | Reached XP level 11. HP: 58/58 MP: 12/12
 12660 | Lair:1   | Noticed an eight-headed hydra
 12668 | Lair:1   | Killed an eight-headed hydra
 12946 | Lair:2   | Noticed a five-headed hydra
 12955 | Lair:2   | Killed a five-headed hydra
 13094 | Lair:1   | Reached skill level 10 in Polearms
 13094 | Lair:1   | Reached skill level 12 in Dodging
 13489 | Lair:2   | Identified the +6 spear of Responsibility {vorpal, rF+}
 13796 | Lair:2   | Identified the +2 pair of gloves of the True Pharaoh
                  | {Int+2}
 13895 | Lair:2   | Noticed a catoblepas
 13918 | Lair:2   | Killed a catoblepas
 14411 | Lair:3   | Noticed a catoblepas
 14489 | Lair:3   | Received a gift from Trog
 14524 | Lair:3   | Killed a catoblepas
 14696 | Lair:3   | Reached skill level 13 in Dodging
 14969 | Lair:3   | Noticed Dikli's ghost (journeyman MiBe)
 14971 | Lair:3   | Found a runed translucent gate.
 14972 | Lair:3   | Found a runed translucent gate.
 14972 | Lair:3   | Found a runed translucent gate.
 14986 | Lair:3   | Reached XP level 12. HP: 63/65 MP: 13/13
 15366 | Lair:3   | Slain by a merfolk

Illustrated notes

Levels and vault maps discovered:
D:1:      lemuel_arrival_cross, layout_basic, minmay_vboxes
D:2:      layout_rooms, uniq_robin
D:3:      layout_loops_ring, mainiacjoe_overflow_surrounded_room
D:4:      layout_rooms, kennysheep_slug_shrine, kennysheep_little_box
D:5:      layout_gridville, elyvilon_altar_4, minmay_temple_entry_tees
D:6:      layout_rooms, okawaru_gym_becter, uniq_blork_the_orc
D:7:      layout_basic
D:8:      layout_rooms, mainiacjoe_overflow_cross_hatched,
          mainiacjoe_overflow_concentric_impassable,
          nicolae_sif_muna_little_library, serial_co_window_serial,
          co_window_of_opportunity_a, co_window_corner_a, co_window_paths_a,
          co_window_paths_b, co_window_paths_a, co_window_broadway_a,
          co_window_of_opportunity_c, co_window_corner_b, co_window_paths_d,
          co_window_4corner_a, glass_columns_a, glass_columns_a,
          glass_columns_a, glass_columns_c
D:9:      layout_basic, mainiacjoe_overflow_alcove_2, lemuel_doored_altar,
          erik_lair_island, gammafunk_ghost_spectres, bh_walls_and_bars
D:10:     layout_stronghold, zin_angel, nicolae_ashenzari_skybound
Lair:1:   layout_loops_ring, hangedman_tree_tricks
Lair:2:   layout_hall_layers, infiniplex_staircase_pool
Lair:3:   layout_roguey [special_room_bee], elwin_shoals_entry_stream,
          ebering_ghost_rock_garden, grunt_megastairs_5

Skill      XL: |  1  2  3  4  5  6  7  8  9 10 11 12 |
---------------+-------------------------------------+-----
Polearms       | 3 4 5 6 8 9 10 11 | 11.0
Fighting       | 3 4 5 6 7 8 |  8.8
Dodging        | 5 6 7 8 10 11 13 | 13.1

Action                   |  1- 3 |  4- 6 |  7- 9 | 10-12 || total
-------------------------+-------+-------+-------+-------++-------
Melee: Spear             |    94 |     1 |       |       ||    95
       Trident           |       |   165 |   308 |   404 ||   877
Invok: Berserk           |     8 |    13 |    20 |    27 ||    68
Evoke: Wand              |       |       |       |     7 ||     7
  Use: Scroll            |       |     2 |    16 |     6 ||    24
 Stab: Sleeping          |     3 |     4 |     3 |       ||    10
Armor: Animal skin       |     7 |     8 |    35 |       ||    50
       Steam dragon scal |       |       |     8 |       ||     8
       Troll leather arm |       |       |     1 |    42 ||    43
Dodge: Dodged            |    72 |    81 |   238 |   280 ||   671
